 Dungeon Crawl Stone Soup version 0.26.1-11-gd32895ea62 (webtiles) character file.

Game seed: 8676014345954019596

1236 Zeld the Cleaver (level 8, -14/64 HPs)
             Began as a Minotaur Berserker on May 28, 2021.
             Was a Priest of Trog.
             Blown up by an orc (26 damage)
             ... with a disintegration bolt
             ... on level 5 of the Dungeon.
             The game lasted 00:05:01 (6784 turns).

Zeld the Cleaver (Minotaur Berserker)               Turns: 6784, Time: 00:05:01

Health: -14/64     AC:  1    Str: 25    XL:     8   Next: 24%
Magic:  7/7        EV: 12    Int:  4    God:    Trog [***...]
Gold:   172        SH:  0    Dex:  9    Spells: 7/7 levels left

rFire    . . .     SeeInvis .   a - +0 hand axe (vorpal)
rCold    . . .     Faith    .   (no shield)
rNeg     . . .     Spirit   .   (no armour)
rPois    .         Reflect  .   v - +0 hat
rElec    .         Harm     .   (no cloak)
rCorr    .         Rampage  .   (no gloves)
Will     .....                  u - +0 pair of boots
Stlth    +.........             (no amulet)
HPRegen  0.20/turn              (no ring)
MPRegen  0.10/turn              (no ring)

@: berserk cooldown
A: retaliatory headbutt, horns 2
a: Renounce Religion, Berserk, Trog's Hand


You were on level 5 of the Dungeon.
You worshipped Trog.
Trog was most pleased with you.
You visited 2 branches of the dungeon, and saw 6 of its levels.

You collected 172 gold pieces.

Inventory:

Hand Weapons
 a - a +0 vorpal hand axe (weapon)
Armour
 u - a +0 pair of boots (worn)
 v - a +0 hat (worn)
Jewellery
 q - an uncursed ring of protection from fire {unknown}
 r - a cursed amulet of inaccuracy {unknown}
 A - a +4 ring of evasion {unknown}
Wands
 t - a wand of flame (19)
Scrolls
 e - 2 scrolls of enchant armour {unknown}
 f - 3 scrolls of fog {unknown}
 h - a scroll of fear {unknown}
 k - a scroll of teleportation {unknown}
 m - a scroll of magic mapping {unknown}
 n - 5 scrolls of remove curse {unknown}
 o - 2 scrolls of random uselessness {unknown}
 w - 2 scrolls of identify {unknown}
 x - a scroll of amnesia {unknown}
 y - 2 scrolls of blinking {unknown}
 z - a scroll of immolation {unknown}
Potions
 b - a potion of flight {unknown}
 c - a potion of brilliance {unknown}
 d - 2 potions of mutation {unknown}
 g - 2 potions of berserk rage {unknown}
 i - 5 potions of resistance {unknown}
 j - 2 potions of lignification {unknown}
 l - 2 potions of might {unknown}
 p - 5 potions of curing {unknown}
 s - 2 potions of attraction {unknown}
 B - a potion of magic {unknown}


   Skills:
 - Level 3.6 Fighting
 * Level 12.1 Axes
 - Level 2.4 Armour
 - Level 2.1 Dodging


You had 7 spell levels left.
You didn't know any spells.
Your spell library was empty.

Dungeon Overview and Level Annotations

Branches:
Dungeon (5/15)             Temple (1/1) D:4

Altars:
Cheibriados
Dithmenos
Elyvilon
Fedhas
Gozag
Hepliaklqana
Kikubaaqudgha
Makhleb
Nemelex Xobeh
Okawaru
Qazlal
Ru
Sif Muna
Uskayaw
Vehumet
Wu Jian
Xom
Yredelemnul
Zin
The Shining One


Innate Abilities, Weirdness & Mutations

You reflexively headbutt those who attack you in melee.
You have a pair of horns on your head.


Message History

You start resting.
A water moccasin skeleton comes into view.
The water moccasin skeleton moves out of view.
You feel sick.
You are no longer poisoned.
You start resting.
An orc is nearby!
An orc is nearby!
An orc is nearby!
An orc is nearby!
The orc zaps a wand.
You are blasted!
The orc zaps a wand.
You are blasted!
* * * LOW HITPOINT WARNING * * *
You are too injured to fight recklessly!
You are too injured to fight recklessly!
You are too injured to fight recklessly!
You are too injured to fight recklessly!
Okay, then.
You feel yourself speed up.
The orc zaps a wand.
You are blasted!
You die...

...... ######
#..............
#..............
#..............
###..............
.................
................
#..............
#......@o......
#......Z.......
#..............
#..............
#..............
#..............
#..............
#...)..........
#.............


You could see an orc and a water moccasin skeleton.

Vanquished Creatures
  Eustachio (D:5)
  The ghost of Zeld the Skirmisher, an amateur OpMo (D:4)
  2 ogres
  A phantom (D:3)
  A howler monkey (D:4)
  2 hounds
  A centaur skeleton (D:4)
  5 orc priests (D:4)
  3 orc wizards (D:4)
  4 worker ants
  Ijyb (D:2)
  4 gnolls (D:3)
  5 adders
  An ufetubus (D:4)
  An ooze (D:4)
  An adder zombie (D:5)
  4 worms
  7 dart slugs
  4 leopard geckos
  15 orcs
  10 bats
  6 giant cockroaches
  11 goblins
  10 hobgoblins
  3 jackals (D:3)
  10 kobolds
  2 quokkas
  2 ball pythons
  10 frilled lizards
  8 rats
136 creatures vanquished.

Vanquished Creatures (others)
  A plant (D:4)
1 creature vanquished.

Grand Total: 137 creatures vanquished

Notes
Turn   | Place    | Note
-------+----------+-------------------------------------------
     0 | D:1      | Zeld the Minotaur Berserker began the quest for the Orb.
     0 | D:1      | Reached XP level 1. HP: 19/19 MP: 0/0
    31 | D:1      | Reached skill level 4 in Axes
   151 | D:1      | Reached XP level 2. HP: 17/26 MP: 1/1
   647 | D:1      | Reached skill level 5 in Axes
   695 | D:1      | Reached XP level 3. HP: 10/31 MP: 2/2
   698 | D:1      | Reached ** piety under Trog
  1438 | D:2      | Found an ornate altar of the Wu Jian Council.
  1439 | D:2      | Found a radiant altar of Vehumet.
  1719 | D:2      | Reached skill level 6 in Axes
  1719 | D:2      | Reached XP level 4. HP: 26/39 MP: 3/3
  2225 | D:2      | Noticed Ijyb
  2241 | D:2      | Killed Ijyb
  3144 | D:3      | Reached skill level 7 in Axes
  3144 | D:3      | Reached XP level 5. HP: 34/45 MP: 4/4
  3783 | D:3      | Reached *** piety under Trog
  4228 | D:4      | Noticed an ogre
  4235 | D:4      | Reached skill level 8 in Axes
  4235 | D:4      | Reached XP level 6. HP: 38/51 MP: 5/5
  4301 | D:4      | Reached skill level 9 in Axes
  5081 | D:4      | Reached XP level 7. HP: 57/57 MP: 6/6
  5089 | D:4      | Reached skill level 10 in Axes
  5444 | D:4      | Found a shadowy altar of Dithmenos.
  5496 | D:4      | Found a staircase to the Ecumenical Temple.
  5506 | Temple   | Entered the Ecumenical Temple
  5626 | D:4      | Noticed Zeld's ghost (amateur OpMo)
  5630 | D:4      | Found a runed translucent door.
  5657 | D:4      | Killed Zeld's ghost
  5658 | D:4      | Reached skill level 11 in Axes
  5818 | D:4      | Found a glowing silver altar of Zin.
  6233 | D:4      | Found a snail-covered altar of Cheibriados.
  6233 | D:4      | Found an iron altar of Okawaru.
  6370 | D:5      | Entered Level 5 of the Dungeon
  6390 | D:5      | Found a sparkling altar of Nemelex Xobeh.
  6447 | D:5      | Noticed Eustachio
  6516 | D:5      | Killed Eustachio
  6517 | D:5      | Reached XP level 8. HP: 38/64 MP: 7/7
  6754 | D:5      | Reached skill level 12 in Axes
  6784 | D:5      | Blown up by an orc

Illustrated notes

Levels and vault maps discovered:
D:1:      psy_arrival_statuary, layout_basic, st_stairs_3,
          minmay_misc_feat_encased, wad_floor_pattern_1, minmay_liquid_box
D:2:      kennysheep_the_goblin_king, layout_loops_ring,
          gammafunk_temple_overflow_statue
D:3:      layout_loops_corners
D:4:      cheibrodos_old_hovel, layout_gridville, zin_academy,
          old_standard_altar, gammafunk_temple_overflow_elements,
          minmay_temple_entry_sparse_star, hellmonk_ghost_happy_afterlife,
          dk_vineyard_3
D:5:      layout_basic, evilmike_ruin_ashenzari, kennysheep_mini, uniq_eustachio
Temple:   cyrus_circular_temple

Skill      XL: |  1  2  3  4  5  6  7  8 |
---------------+-------------------------+-----
Axes           | 4 5 6 7 8 9 11 12 | 12.1
Fighting       | |  3.6
Armour         | |  2.4
Dodging        | |  2.1

Action                   |  1- 3 |  4- 6 |  7- 9 || total
-------------------------+-------+-------+-------++-------
Melee: Hand axe          |    60 |   134 |    91 ||   285
       Headbutt          |     6 |    22 |    16 ||    44
Invok: Berserk           |     1 |     5 |     3 ||     9
       Trog's Hand       |       |     2 |     1 ||     3
 Stab: Sleeping          |     1 |       |       ||     1
Armor: Skin              |       |    11 |     3 ||    14
Dodge: Dodged            |    41 |    94 |    51 ||   186
